Map: Old Republic LE

Players

Geralt (Gerald)

  • Race: Protoss Protoss
  • League: Grandmaster
  • Spawn Location: 7:00

Zoun - Winner!

  • Race: Protoss Protoss
  • League: Master
  • Spawn Location: 1:00

VOD

Have the link to the VOD?

Description

Time

  • Played on: Jan. 30, 2026, 7:50 a.m.
  • Length: 5:24
Show
View Real Time Build Order
Export as new Build Order

Geralt Protoss 

Build Orders: Oracle Opening 

Get SALT Encoding   

  12  0:00  Probe  
  13  0:12  Probe  
  14  0:17  Pylon  
  14  0:23  Probe  
  15  0:31  Probe  
  15  0:38  Gateway  
  15  0:39  Probe  
  16  0:46  Assimilator  
  17  0:50  Probe  
  17  0:54  Assimilator  
  18  0:59  Probe  
  19  1:07  Gateway, Probe  
  20  1:17  Probe  
  20  1:25  Cybernetics Core  
  21  1:29  Probe  
  22  1:41  Probe  
  22  1:45  Pylon  
  23  2:00  Stalker x2  
  23  2:01  Warp Gate  
  23  2:03  Probe  
  28  2:15  Probe  
  29  2:16  Pylon  
  29  2:19  Pylon  
  29  2:32  Probe  
  29  2:34  Stargate  
  29  2:36  Pylon  
  29  2:39  Stalker  
  31  2:48  Stalker  
  33  2:52  Shield Battery  
  33  3:01  Probe  
  34  3:08  Oracle, Shield Battery  
  37  3:23  Shield Battery  
  37  3:26  Pylon  
  37  3:29  Shield Battery  
  35  3:53  Void Ray  
  39  4:00  Stalker  
  39  4:12  Zealot  
  37  4:26  Gateway  
  37  4:27  Zealot  
  37  4:28  Void Ray  
  35  4:51  Zealot  
Show
View Real Time Build Order
Export as new Build Order

Zoun Protoss - Winner!

Build Orders:  

Get SALT Encoding   

  12  0:00  Probe  
  13  0:12  Probe  
  14  0:17  Pylon  
  14  0:23  Probe  
  15  0:31  Probe  
  16  0:37  Gateway  
  16  0:39  Probe  
  16  0:46  Assimilator  
  17  0:50  Probe  
  17  0:54  Assimilator  
  18  0:59  Probe  
  19  1:07  Gateway, Probe  
  19  1:17  Probe  
  20  1:24  Cybernetics Core  
  21  1:29  Probe  
  22  1:34  Pylon  
  22  1:41  Probe  
  23  1:53  Probe  
  24  2:01  Robotics Facility  
  24  2:02  Adept  
  24  2:03  Adept  
  24  2:07  Warp Gate  
  28  2:16  Pylon  
  28  2:26  Pylon  
  28  2:30  Stalker  
  28  2:35  Stalker  
  30  2:38  Immortal  
  36  3:01  Pylon  
  36  3:09  Warp Prism  
  36  3:12  Gateway  
  37  3:27  Shield Battery  
  37  3:28  Sentry  
  37  3:32  Sentry  
  39  3:58  Probe  
  39  4:01  Stalker  
  38  4:05  Stalker  
  38  4:06  Observer  
  40  4:22  Stalker  
  40  4:25  Stalker  
  40  4:28  Probe  
  39  4:45  Stalker x2  
  41  5:05  Stalker  
  43  5:12  Stalker x2  
Tags
 
Add a new tag
Caveats
  • Supply blocks, unpowered buildings, or Contaminate may cause inaccurate times.
  • Supply counts are checked every 10 seconds.